 Dungeon Crawl Stone Soup version 0.23.2-1-ga50397a (webtiles) character file.

Game seed: 7566802790383681

2898 Daunt the Grappler (level 9, -2/92 HPs)
             Began as a Troll Monk on June 2, 2019.
             Killed by the air
             ... invoked by Gastronok
              (31 damage)
             ... on level 8 of the Dungeon.
             The game lasted 00:16:05 (4909 turns).

Daunt the Grappler (Troll Monk)                     Turns: 4909, Time: 00:16:06

Health: -2/92      AC: 10    Str: 21    XL:     9   Next: 49%
Magic:  8/8        EV: 12    Int:  6    God:
Gold:   439        SH:  0    Dex: 15    Spells: 8/8 levels left

rFire    . . .     SeeInvis .     - Unarmed
rCold    . . .     Gourm    +   (no shield)
rNeg     + . .     Faith    .   a - +0 robe
rPois    .         Spirit   .   (helmet restricted)
rElec    .         Reflect  .   (no cloak)
rCorr    .         Harm     .   (gloves unavailable)
MR       .....                  (boots unavailable)
Stlth    ++........             r - amulet of regeneration
HPRegen  1.05/turn              x - +4 ring of protection
MPRegen  0.11/turn              J - ring of positive energy

@: no status effects
A: large, unfitting armour, claws 3, fast metabolism 3, gourmand, regeneration
1, shaggy fur 1, tough skin 3
a: no special abilities


You were on level 8 of the Dungeon.
You were very full.

You visited 2 branches of the dungeon, and saw 9 of its levels.

You collected 439 gold pieces.

Inventory:

Hand Weapons
 C - a +1 dire flail of holy wrath
 I - a +0 short sword of electrocution
Missiles
 f - 4 silver javelins
 n - 14 tomahawks (quivered)
 p - 32 poisoned needles
 L - 7 javelins
 M - 8 needles of frenzy
Armour
 a - a +0 robe (worn)
Jewellery
 r - an amulet of regeneration (around neck)
 x - a +4 ring of protection (left claw)
 y - an uncursed ring of fire
 A - a +1 ring of protection
 J - a ring of positive energy (right claw)
 R - an uncursed ring of positive energy
Wands
 t - a wand of polymorph (3)
 K - a wand of enslavement (8)
Scrolls
 e - 6 scrolls of teleportation
 g - a scroll of enchant weapon {unknown}
 h - 4 scrolls of identify {unknown}
 i - a scroll of fear
 m - 2 scrolls of fog {unknown}
 u - a scroll of amnesia
 v - 2 scrolls of remove curse {unknown}
 B - 2 scrolls of magic mapping {unknown}
 D - 2 scrolls of immolation {unknown}
 G - a scroll of blinking {unknown}
 H - 2 scrolls of random uselessness {unknown}
 N - a scroll of noise {unknown}
 Q - a scroll of vulnerability {unknown}
Potions
 c - a potion of degeneration {unknown}
 d - 2 potions of brilliance {unknown}
 j - 2 potions of curing {unknown}
 k - a potion of ambrosia {unknown}
 l - 4 potions of flight {unknown}
 o - 2 potions of haste {unknown}
 q - a potion of berserk rage {unknown}
 s - a potion of might {unknown}
 w - 3 potions of lignification {unknown}
 z - a potion of invisibility {unknown}
 E - 2 potions of cancellation {unknown}
 F - 2 potions of heal wounds {unknown}
 O - a potion of magic {unknown}
 P - 2 potions of resistance {unknown}
Comestibles
 b - 21 rations


   Skills:
 + Level 6.6 Fighting
 + Level 3.8 Dodging
 - Level 1.0 Stealth
 * Level 10.7 Unarmed Combat


You had 8 spell levels left.
You didn't know any spells.
Your spell library was empty.

Dungeon Overview and Level Annotations

Branches:
Dungeon (8/15)             Temple (1/1) D:4
   Lair: D:8-11

Altars:
Ashenzari
Cheibriados
Dithmenos
Elyvilon
Gozag
Hepliaklqana
Kikubaaqudgha
Makhleb
Nemelex Xobeh
Okawaru
Qazlal
Ru
Sif Muna
Trog
Uskayaw
Vehumet
Wu Jian
Xom
Yredelemnul
Zin
The Shining One

Shops:
D:6 (

Annotations:
D:7 2 transporters, Grum; erik8weld's ghost, novice TrBe
D:8 Gastronok


Innate Abilities, Weirdness & Mutations

You are too large for most types of armour.
You have claws for hands.
Your metabolism is lightning-fast.
You like to eat raw meat.
Your natural rate of healing is unusually fast.
You are covered in fur. (AC +1)
You have extremely tough skin. (AC +3)


Message History

The air twists around and strikes you!
You scratch Gastronok but do no damage.
Gastronok is lightly wounded.
You claw Gastronok! x2
Gastronok is moderately wounded.
Gastronok gurgles.
Gastronok bites you!!
* * * LOW HITPOINT WARNING * * *
You are too injured to fight recklessly!
You are too injured to fight recklessly!
You claw Gastronok!
Gastronok is moderately wounded.
You scratch Gastronok but do no damage.
Gastronok is moderately wounded.
You claw Gastronok!
Gastronok is moderately wounded.
Gastronok's eyestalks wobble, almost dislodging his wizard hat.
Gastronok waves his eye-stalks in wide circles.
The air twists around and strikes you!
You die...

..# ####.## #.
...# ###.##..####
...........#
#.....#..#######
#..<..#.........
.# #......@w..# .#
#..###.##..# .#
#.## #.# (# .# #.#
#.# # .# #.# #.#
.# #####.####.# .#
#............
.#####.###.###.###
....(..# #.#


You could see Gastronok.

Vanquished Creatures
  A spriggan (D:7)
  Eustachio (D:5)
  A hungry ghost (D:5)
  Edmund (D:5)
  An orc warrior (D:7)
  A phantom (D:4)
  3 ogres
  6 ice beasts
  A big kobold (D:8)
  A gnoll sergeant (D:6)
  2 scorpions
  5 killer bees (D:7)
  A howler monkey (D:6)
  2 crimson imps
  A jelly (D:7)
  3 orc priests
  7 hounds
  An iron imp (D:3)
  An iguana (D:6)
  4 worker ants
  3 orc wizards
  A killer bee zombie (D:5)
  A worker ant zombie (D:5)
  A howler monkey zombie (D:6)
  8 adders
  A shadow imp (D:7)
  3 oozes
  A worm (D:2)
  6 dart slugs
  3 leopard geckos
  22 orcs
  2 ball pythons
  10 bats
  3 giant cockroaches
  6 goblins
  6 hobgoblins
  4 jackals (D:4)
  6 quokkas
  2 frilled lizards
  2 jackal zombies (D:5)
  10 kobolds
  A leopard gecko skeleton (D:6)
  A quokka skeleton (D:5)
  8 rats
155 creatures vanquished.

Vanquished Creatures (others)
  An orc wizard (D:5)
  6 plants (D:7)
7 creatures vanquished.

Grand Total: 162 creatures vanquished

Notes
Turn   | Place    | Note
-------+----------+-------------------------------------------
     0 | D:1      | Daunt the Troll Monk began the quest for the Orb.
     0 | D:1      | Reached XP level 1. HP: 22/22 MP: 0/0
   164 | D:1      | Reached XP level 2. HP: 27/29 MP: 1/1
   498 | D:1      | Reached XP level 3. HP: 36/36 MP: 2/2
   779 | D:2      | Reached skill level 4 in Unarmed Combat
  1046 | D:2      | Reached XP level 4. HP: 39/45 MP: 3/3
  1453 | D:3      | Reached skill level 5 in Unarmed Combat
  1505 | D:3      | Reached XP level 5. HP: 53/53 MP: 4/4
  1730 | D:3      | Noticed Grinder
  1736 | D:3      | Noticed Grinder
  1736 | D:3      | Grinder changed into Grinder the iron imp
  1740 | D:3      | Killed Grinder the iron imp
  2011 | D:4      | Noticed a phantom
  2044 | D:4      | Killed a phantom
  2044 | D:4      | Reached XP level 6. HP: 60/62 MP: 5/5
  2073 | D:4      | Reached skill level 6 in Unarmed Combat
  2107 | D:4      | Found a hide-covered altar of Uskayaw.
  2188 | D:4      | Found a burning altar of Makhleb.
  2227 | D:4      | Found a staircase to the Ecumenical Temple.
  2270 | Temple   | Entered the Ecumenical Temple
  2441 | D:4      | Reached XP level 7. HP: 66/70 MP: 6/6
  2583 | D:4      | Reached skill level 7 in Unarmed Combat
  2861 | D:5      | Entered Level 5 of the Dungeon
  2914 | D:5      | Noticed Edmund
  2926 | D:5      | Killed Edmund
  2952 | D:5      | Noticed Eustachio
  3018 | D:5      | Killed Eustachio
  3063 | D:5      | Noticed a hungry ghost
  3070 | D:5      | Killed a hungry ghost
  3070 | D:5      | Reached skill level 5 in Fighting
  3070 | D:5      | Reached skill level 8 in Unarmed Combat
  3070 | D:5      | Reached XP level 8. HP: 79/80 MP: 7/7
  3629 | D:6      | Reached skill level 9 in Unarmed Combat
  3922 | D:6      | Found Emmypium's Antique Weapon Emporium.
  4074 | D:6      | Found a white marble altar of Elyvilon.
  4075 | D:6      | Found a sparkling altar of Nemelex Xobeh.
  4143 | D:7      | Found a transporter.
  4152 | D:7      | Noticed Grum
  4213 | D:7      | Found a transporter.
  4249 | D:7      | Reached skill level 10 in Unarmed Combat
  4249 | D:7      | Reached XP level 9. HP: 86/89 MP: 8/8
  4416 | D:7      | Found a basalt altar of Yredelemnul.
  4510 | D:7      | Found a sacrificial altar of Ru.
  4663 | D:7      | Identified the ring of Ilesel {rCorr rC- Str+4 Int+4}
  4670 | D:7      | Noticed erik8weld's ghost (novice TrBe)
  4898 | D:8      | Noticed Gastronok
  4909 | D:8      | Killed from afar by Gastronok

Skill      XL: |  1  2  3  4  5  6  7  8 |
---------------+-------------------------+-----
Unarmed Combat | 4 5 6 8 10 | 10.7
Fighting       | 3 4 5 6 |  6.6
Dodging        | 3 |  3.8
Stealth        | |  1.0

Action                   |  1- 3 |  4- 6 |  7- 9 || total
-------------------------+-------+-------+-------++-------
Melee: Unarmed           |    90 |   126 |   239 ||   455
       Punch             |       |     2 |     9 ||    11
Evoke: Wand              |       |     1 |       ||     1
  Use: Scroll            |     3 |       |       ||     3
 Stab: Sleeping          |     3 |     2 |     1 ||     6
  Eat: Chunk             |    15 |    13 |    30 ||    58
Armor: Robe              |    35 |    43 |    85 ||   163
Dodge: Dodged            |    49 |    59 |   100 ||   208
